 Dungeon Crawl Stone Soup version 0.26.1-11-gd32895ea62 (webtiles) character file.

Game seed: 3508797283145384306

20 vvl the Sneak (level 2, -1/13 HPs)
             Began as a Vine Stalker Enchanter on June 8, 2021.
             Slain by a goblin
             ... wielding a +0 club
             ... led by Robin
              (2 damage)
             ... on level 2 of the Dungeon.
             The game lasted 00:03:34 (1014 turns).

vvl the Sneak (Vine Stalker Enchanter)              Turns: 1014, Time: 00:03:35

Health: -1/13      AC:  2    Str: 10    XL:     2   Next: 79%
Magic:  0/6        EV: 12    Int: 15    God:
Gold:   36         SH:  0    Dex: 14    Spells: 4/5 levels left

rFire    . . .     SeeInvis .   d - +1 dagger (holy)
rCold    . . .     Faith    .   (no shield)
rNeg     . . .     Spirit   +   b - +0 robe
rPois    .         Reflect  .   (no helmet)
rElec    .         Harm     .   (no cloak)
rCorr    .         Rampage  .   (no gloves)
Will     .....                  (no boots)
Stlth    ++........             (no amulet)
HPRegen  0.04/turn              (no ring)
MPRegen  0.10/turn              (no ring)

@: no status effects
A: fangs 2, magic shield, antimagic bite, no potion heal 3
a: no special abilities


You were on level 2 of the Dungeon.
You visited 1 branch of the dungeon, and saw 2 of its levels.

You collected 36 gold pieces.

Inventory:

Hand Weapons
 d - a +1 dagger of holy wrath (weapon)
Armour
 b - a +0 robe (worn)
 c - a +0 pair of gloves
Scrolls
 a - a scroll of remove curse {unknown}
 g - a scroll of enchant armour {unknown}
 h - a scroll of fear {unknown}
 j - a scroll of identify {unknown}
Potions
 e - a potion of cancellation {unknown}
 f - a potion of curing {unknown}
 i - a potion of heal wounds {unknown}
 k - a potion of lignification {unknown}


   Skills:
 * Level 1.5 Short Blades
 + Level 0.3 Armour
 + Level 1.7 Dodging
 + Level 3.8 Stealth
 + Level 2.3 Spellcasting
 + Level 3.1 Hexes


You had 4 spell levels left.
You knew the following spells:

 Your Spells              Type           Power        Failure   Level
a - Corona                Hex            12%          6%          1

Your spell library contained the following spells:

 Spells                   Type           Power        Failure   Level
 Ensorcelled Hibernation  Hex/Ice        12%          17%         2
 Confusing Touch          Hex            11%          19%         3
 Tukima's Dance           Hex            11%          19%         3
 Dazzling Flash           Conj/Hex       12%          34%         3


Dungeon Overview and Level Annotations

Branches:
Dungeon (2/15)

Altars:

Annotations:
D:2 Robin


Innate Abilities, Weirdness & Mutations

You have extremely sharp teeth.
When hurt, damage is shared between your health and your magic reserves.
Your bite disrupts and absorbs the magic of your enemies.
Potions cannot restore your health.


Message History

The quokka misses you.
You hear a shout!
The quokka bites you. The goblin hits you with a +0 dagger.
The quokka completely misses you.
A hobgoblin comes into view. It is wielding a -2 club.
Robin throws the goblin at you!
You hit the goblin but do no damage. Your bite misses the goblin.
The quokka bites you.
* * * LOW HITPOINT WARNING * * *
The goblin hits you with a +0 dagger. The goblin closely misses you.
A goblin comes into view.
You hit the goblin.
The goblin is moderately wounded.
The goblin hits you.
* * * LOW HITPOINT WARNING * * *
The quokka barely misses you. The goblin barely misses you.
You hit the goblin but do no damage.
The goblin is moderately wounded.
The goblin hits you with a +0 club.
You die...

.....# .....#
#..g. #.gg#
#...# #...#
###ggg###
#^ggrg..#
######.##@##.#
##...#..##g## ..
##.............
.
#..###.......#.
##.># #...#...#
#...###.........
#>.......#.####.
#..#...#.#.#
#..#........


You could see Robin, a quokka, 2 hobgoblins and 7 goblins.

Vanquished Creatures
  A leopard gecko (D:2)
  A bat (D:1)
  A giant cockroach (D:1)
  A hobgoblin (D:1)
  6 jackals (D:1)
  3 goblins
  A kobold (D:1)
  2 rats (D:1)
16 creatures vanquished.

Notes
Turn   | Place    | Note
-------+----------+-------------------------------------------
     0 | D:1      | vvl the Vine Stalker Enchanter began the quest for the Orb.
     0 | D:1      | Reached XP level 1. HP: 9/9 MP: 4/4
    54 | D:1      | Reached skill level 1 in Short Blades
    76 | D:1      | Reached XP level 2. HP: 3/13 MP: 4/6
  1007 | D:2      | Noticed Robin
  1014 | D:2      | Slain by a goblin

Illustrated notes

Levels and vault maps discovered:
D:1:      dpeg_arrival_stonehenge_8_columns, layout_basic
D:2:      layout_loops_cross, general_overflow_altar,
          chequers_ecumenical_altar_grove, uniq_robin, uniq_jessica,
          uniq_crazy_yiuf_cottage

Skill      XL: |  1 |
---------------+----+-----
Short Blades   | 1 |  1.5
Armour         | |  0.3
Dodging        | |  1.7
Stealth        | |  3.8
Spellcasting   | |  2.3
Hexes          | |  3.1

Action                   || total
-------------------------++-------
Melee: Dagger            ||    44
       Bite              ||     9
 Stab: Sleeping          ||     6
Armor: Robe              ||     5
Dodge: Dodged            ||    47
